 Dungeon Crawl Stone Soup version 0.19.1 (webtiles) character file.

3744 ZedIsDead the Carver (level 10, -2/76 HPs)
             Began as a Merfolk Skald on Dec 11, 2016.
             Was an Initiate of Ru.
             Slain by a hippogriff (6 damage)
             ... on level 8 of the Dungeon.
             The game lasted 00:13:36 (7636 turns).

ZedIsDead the Carver (Merfolk Skald)                Turns: 7636, Time: 00:13:36

Health: -2/76      AC:  6    Str: 12    XL:     10   Next: 15%
Magic:  1/14       EV: 18    Int: 11    God:    Ru [......]
Gold:   392        SH:  0    Dex: 18    Spells: 1 memorised, 12 levels left

rFire  + . .     SeeInvis .     a - +2 falchion
rCold  . . .     Gourm    .     q - +2 leather armour {rPois}
rNeg   . . .     Faith    .     (no shield)
rPois  +         Spirit   .     u - +1 hat
rElec  .         Reflect  .     (no cloak)
rCorr  .         Harm     .     (no gloves)
MR     .....                    (no boots)
Stlth  ++........               k - amulet of regeneration
                                z - +5 ring of slaying
                                g - ring of protection from fire

@: no status effects
A: change form in water, swift swim, stealthy swim, slow regeneration 1
a: Renounce Religion


You were on level 8 of the Dungeon.
You worshipped Ru.
Ru was noncommittal.
You were near starving.

You visited 2 branches of the dungeon, and saw 9 of its levels.

You collected 412 gold pieces.
You spent 20 gold pieces at shops.

Inventory:

Hand Weapons
 a - a +2 falchion (weapon)
Missiles
 m - 3 javelins of returning (quivered)
Armour
 b - a +0 leather armour
 q - a +2 leather armour of poison resistance (worn)
 u - a +1 hat (worn)
Jewellery
 g - a ring of protection from fire (left hand)
 h - an uncursed ring of stealth
 k - an amulet of regeneration (around neck)
 n - an uncursed amulet of faith {unknown}
 y - an uncursed ring of teleportation
 z - a +5 ring of slaying (right hand)
Wands
 f - a wand of iceblast (0/15)
 s - a wand of disintegration (7/24)
 D - a wand of digging (12/24)
Scrolls
 e - 5 scrolls of amnesia
 o - a scroll of recharging
 p - 5 scrolls of identify
 t - 3 scrolls of teleportation
 B - a scroll of enchant armour
 J - a scroll of remove curse
Potions
 i - 2 potions of curing
 j - 2 potions of lignification
 l - 2 potions of flight
 v - a potion of invisibility {unknown}
 C - 2 potions of agility {unknown}
 E - a potion of might {unknown}
 G - a potion of cure mutation
 H - a potion of brilliance
Books
 c - a book of Battle

   Spells                             Type                      Level
   a - Infusion                       Charms                       1
   b - Shroud of Golubria             Charms/Translocation         2
   c - Song of Slaying                Charms                       2
   d - Spectral Weapon                Hexes/Charms                 3
   e - Regeneration                   Charms/Necromancy            3
 I - a book of Maledictions

   Spells                             Type                      Level
   a - Corona                         Hexes                        1
   b - Ensorcelled Hibernation        Hexes/Ice                    2
   c - Confuse                        Hexes                        3
   d - Tukima's Dance                 Hexes                        3
   e - Dazzling Spray                 Conjuration/Hexes            3
Comestibles
 d - 6 bread rations
 r - 3 beef jerkies
 w - 2 slices of pizza
 A - 2 royal jellies
 F - 3 meat rations


   Skills:
 + Level 5.8 Fighting
 * Level 10.4 Long Blades
 + Level 3.2 Armour
 * Level 8.9 Dodging
 + Level 3.4 Stealth
 + Level 2.9 Spellcasting
 + Level 4.4 Charms
 + Level 0.7 Translocations
 + Level 1.1 Evocations


You had 12 spell levels left.
You knew the following spells:

 Your Spells              Type           Power        Failure   Level  Hunger
a - Shroud of Golubria    Chrm/Tloc      #.........   21%         2    ###....


Dungeon Overview and Level Annotations

Branches:
Dungeon (8/15)             Temple (1/1) D:5
   Lair: D:8-11

Altars:
Ashenzari
Dithmenos
Elyvilon
Fedhas
Gozag
Hepliaklqana
Kikubaaqudgha
Nemelex Xobeh
Okawaru
Qazlal
Ru
Sif Muna
Trog
Uskayaw
Vehumet
Xom
Yredelemnul
Zin

Shops:
D:6 *   D:8 :*:


Innate Abilities, Weirdness & Mutations

You revert to your normal form in water.
You are very nimble and swift while swimming.
You are very stealthy in the water. (Stealth+)
You regenerate slowly when monsters are visible.


Message History

The orc warrior is almost dead.
The orc warrior misses you. The hippogriff bites you!
* * * LOW HITPOINT WARNING * * *
The hippogriff closely misses you. The hippogriff claws you.
* * * LOW HITPOINT WARNING * * *
The eye of draining gazes at you.
You barely miss the orc warrior.
The orc warrior is almost dead.
The orc warrior hits you with a glaive.
* * * LOW HITPOINT WARNING * * *
The hippogriff bites you.
* * * LOW HITPOINT WARNING * * *
The hippogriff pecks you.
* * * LOW HITPOINT WARNING * * *
The hippogriff closely misses you. The eye of draining gazes at you.
You feel better. The hippogriff bites you.
* * * LOW HITPOINT WARNING * * *
The hippogriff pecks you.
You die...

............## #.#..#≈≈#..#.#
.#..#!.#..#..# #$'..≈≈≈≈..'.#
..#..#..#..#.# .'.S≈≈≈≈..'.#
#..#..#..#...## #.!#≈≈#..#
.#..#..#..#...# #........####
..#..#..#..#..## #........#..##
...............# ####''#####...
#.####.####.##.#######)..###...##
..# #........#.@Ho..G........###
### #.####.##.#####.#)..........
######.# #?##.# #.############
.......####.##.#####.#
######.##......#...#.#
##.##.###..<.#.#.# #.....#
#......#.# #####..##.###.###.##.#
.>...<........###.##.#


You could see a hippogriff, an eye of draining and an orc warrior.

Vanquished Creatures
  Pikel (D:4)
  A hippogriff (D:7)
  2 dream sheep (D:8)
  Sigmund (D:5)
  A yak (D:8)
  A steam dragon (D:8)
  2 orc warriors
  A black bear (D:6)
  An ice beast (D:8)
  3 sky beasts
  2 phantoms
  A slave (D:4)
  3 ogres
  A big kobold (D:8)
  Blork the orc (D:5)
  A gnoll sergeant (D:7)
  2 bullfrogs
  4 howler monkeys
  3 crimson imps
  2 orc priests (D:8)
  2 hounds
  2 orc wizards
  A quasit (D:5)
  A centaur skeleton (D:5)
  Jessica (D:3)
  Terence (D:3)
  4 worker ants
  2 hound zombies
  A hound skeleton (D:8)
  A worker ant zombie (D:5)
  10 adders
  4 gnolls (D:7)
  2 shadow imps
  An adder skeleton (D:4)
  An adder zombie (D:5)
  4 dart slugs
  4 leopard geckos
  13 orcs
  7 bats
  6 giant cockroaches
  10 goblins
  7 hobgoblins
  4 jackals
  2 quokkas
  7 frilled lizards
  A jackal skeleton (D:5)
  2 jackal zombies
  11 kobolds
  9 rats
155 creatures vanquished.

Notes
Turn   | Place    | Note
-------+----------+-------------------------------------------
     0 | D:1      | ZedIsDead the Merfolk Skald began the quest for the Orb.
     0 | D:1      | Reached XP level 1. HP: 16/16 MP: 3/3
    66 | D:1      | Reached XP level 2. HP: 17/22 MP: 5/5
   302 | D:1      | Reached XP level 3. HP: 13/27 MP: 6/6
   913 | D:1      | Reached skill level 3 in Long Blades
  1423 | D:2      | Reached skill level 1 in Armour
  1464 | D:2      | Reached XP level 4. HP: 33/33 MP: 7/7
  1468 | D:2      | Learned a level 2 spell: Shroud of Golubria
  2049 | D:3      | Noticed Jessica
  2057 | D:3      | Killed Jessica
  2057 | D:3      | Reached skill level 1 in Stealth
  2255 | D:3      | Noticed Terence
  2286 | D:3      | Killed Terence
  2286 | D:3      | Reached XP level 5. HP: 19/39 MP: 8/8
  2351 | D:3      | Noticed a phantom
  2377 | D:3      | Killed a phantom
  2377 | D:3      | Reached skill level 4 in Long Blades
  2377 | D:3      | Reached XP level 6. HP: 40/46 MP: 9/9
  3176 | D:4      | Noticed a slave
  3176 | D:4      | Noticed a slave
  3177 | D:4      | Noticed Pikel
  3178 | D:4      | Noticed a slave
  3178 | D:4      | Noticed a slave
  3181 | D:4      | Killed a slave
  3183 | D:4      | Killed Pikel
  3183 | D:4      | Reached skill level 5 in Long Blades
  3183 | D:4      | Reached XP level 7. HP: 45/53 MP: 10/10
  3222 | D:4      | HP: 1/53 [ogre/giant club (30)]
  3228 | D:4      | Reached skill level 6 in Long Blades
  3228 | D:4      | Reached skill level 5 in Dodging
  3228 | D:4      | Reached skill level 1 in Evocations
  3614 | D:5      | Entered Level 5 of the Dungeon
  3626 | D:5      | Noticed Sigmund
  3662 | D:5      | Killed Sigmund
  3662 | D:5      | Reached XP level 8. HP: 38/60 MP: 6/11
  3932 | D:5      | Found a staircase to the Ecumenical Temple.
  4045 | Temple   | Entered the Ecumenical Temple
  4161 | Temple   | Became a worshipper of Ru the Awakened
  4351 | D:5      | Noticed Blork the orc
  4367 | D:5      | Killed Blork the orc
  4655 | D:5      | Reached skill level 7 in Long Blades
  4728 | D:6      | Found a hide-covered altar of Uskayaw.
  5418 | D:6      | Reached XP level 9. HP: 66/66 MP: 13/13
  5447 | D:6      | Gained mutation: You regenerate slowly when monsters are visible. [Ru sacrifice]
  5612 | D:6      | Found Asupp's Assorted Antiques.
  5615 | D:6      | Bought a scroll labeled XYCZARGH FOXEL for 20 gold pieces
  5809 | D:7      | Reached skill level 8 in Long Blades
  6165 | D:6      | Reached skill level 5 in Fighting
  6391 | D:7      | Reached skill level 9 in Long Blades
  7009 | D:8      | Found Ubahu's Book Shop.
  7084 | D:8      | Found Fughesac's Assorted Antiques.
  7177 | D:8      | Found Ygeqaipp's Book Boutique.
  7229 | D:8      | Reached skill level 10 in Long Blades
  7229 | D:8      | Reached XP level 10. HP: 17/75 MP: 14/14
  7630 | D:8      | HP: 2/76 [hippogriff (5)]
  7636 | D:8      | Slain by a hippogriff

Skill      XL: |  1  2  3  4  5  6  7  8  9 |
---------------+----------------------------+-----
Long Blades    | 3 4 5 6 7 10 | 10.4
Armour         | 1 2 3 |  3.2
Dodging        | 2 3 4 5 7 8 |  8.9
Stealth        | 1 2 3 |  3.4
Fighting       | 3 4 5 |  5.8
Evocations     | 1 |  1.1
Charms         | 4 |  4.4
Spellcasting   | |  2.9
Translocations | |  0.7

Action                   |  1- 3 |  4- 6 |  7- 9 | 10-12 || total
-------------------------+-------+-------+-------+-------++-------
Melee: Falchion          |   105 |   175 |   375 |    34 ||   689
Throw: Javelin           |       |       |     2 |       ||     2
 Cast: Infusion          |     1 |       |       |       ||     1
       Shroud of Golubri |       |     2 |     8 |     1 ||    11
Invok: Sacrifice Purity  |       |       |     1 |       ||     1
Evoke: Wand              |       |     5 |     1 |       ||     6
  Use: Potion            |     1 |     3 |     4 |     2 ||    10
       Scroll            |     5 |     4 |     8 |       ||    17
 Stab: Sleeping          |       |     6 |     7 |       ||    13
  Eat: Chunk             |     2 |     3 |    13 |       ||    18
       Bread ration      |       |     1 |       |       ||     1
Armor: Leather armour    |    37 |    42 |    70 |     5 ||   154
Dodge: Dodged            |    74 |   114 |   258 |    32 ||   478
       Rpst.: Falchion   |    30 |    41 |    68 |    11 ||   150
